 Dungeon Crawl Stone Soup version 0.27.1-33-g824d729ab1 (webtiles) character file.

Game seed: 17560417674038671617

3 zeram the Ducker (level 1, -2/11 HPs)
             Began as a Spriggan Fighter on Dec 30, 2021.
             Slain by a jackal (3 damage)
             ... on level 1 of the Dungeon.
             The game lasted 00:00:15 (28 turns).

zeram the Ducker (Spriggan Fighter)                   Turns: 28, Time: 00:00:16

Health: -2/11      AC:  2    Str: 12    XL:     1   Next: 41%
Magic:  2/2        EV: 17    Int:  9    God:
Gold:   0          SH:  6    Dex: 14    Spells: 0/0 levels left

rFire    . . .     SeeInvis +   a - +0 rapier
rCold    . . .     Faith    .   c - +0 buckler
rNeg     . . .     Spirit   .   b - +0 robe
rPois    .         Reflect  .   (helmet restricted)
rElec    .         Harm     .   (no cloak)
rCorr    .         Rampage  .   (gloves unavailable)
Will     .....                  (boots unavailable)
Stlth    +.........             (no amulet)
HPRegen  0.03/turn              (no ring)
MPRegen  0.08/turn              (no ring)

@: very quick
A: very small, no large weapons, unfitting armour, see invisible, speed 3
a: no special abilities


You were on level 1 of the Dungeon.
You visited 1 branch of the dungeon, and saw 1 of its levels.

Inventory:

Hand Weapons
 a - a +0 rapier (weapon)
Armour
 b - a +0 robe (worn)
 c - a +0 buckler (worn)
Potions
 d - a potion of might
 e - a potion of attraction {unknown}


   Skills:
 - Level 2.4 Fighting
 - Level 2.1 Short Blades
 + Level 4.2 Dodging
 + Level 2.2 Shields


You couldn't memorise any spells.
You didn't know any spells.
Your spell library was empty.

Dungeon Overview and Level Annotations

Branches:
Dungeon (1/15)

Altars:


Innate Abilities, Weirdness & Mutations

You are very small and have problems with some larger weapons.
You are too small for most types of armour.
You have supernaturally acute eyesight. (SInv)
You cover ground extremely quickly. (Speed+++)


Message History

You are too injured to fight recklessly!
You are too injured to fight recklessly!
You are too injured to fight recklessly!
You are too injured to fight recklessly!
You are too injured to fight recklessly!
You are too injured to fight recklessly!
You are too injured to fight recklessly!
You are too injured to fight recklessly!
You are too injured to fight recklessly!
You are too injured to fight recklessly!
You are too injured to fight recklessly!
You are too injured to fight recklessly!
You are too injured to fight recklessly!
You are too injured to fight recklessly!
You are too injured to fight recklessly!
You are too injured to fight recklessly!
You are too injured to fight recklessly!
You are too injured to fight recklessly!
The jackal bites you but does no damage.
You are too injured to fight recklessly!
The jackal bites you but does no damage.
You are too injured to fight recklessly!
You closely miss the jackal.
The jackal is severely wounded.
The jackal barely misses you. The jackal bites you.
You closely miss the jackal.
The jackal is severely wounded.
The jackal bites you.
* * * LOW HITPOINT WARNING * * *
You barely miss the jackal.
The jackal is severely wounded.
The jackal closely misses you. The jackal completely misses you.
You hit the jackal.
The jackal is almost dead.
You block the jackal's attack.
Unknown command.
You closely miss the jackal.
The jackal is almost dead.
The jackal bites you.
You die...

.#.##+# .....# .
....# ..
...###+++++++ .#.#
..#...+....+
.....##S#@#.+....+
.#.#...h#h#.+.<..+
......†.hg#.+....+
.#.#........++'+++.#
...................#
###...........(..#.#
..###....#.#.#....#
|. #......#.#......
. ##.#.#...####.##


You could see 2 jackals and a hobgoblin.

Vanquished Creatures
  A jackal (D:1)
  A quokka (D:1)
  A ball python (D:1)
3 creatures vanquished.

Notes
Turn   | Place    | Note
-------+----------+-------------------------------------------
     0 | D:1      | zeram the Spriggan Fighter began the quest for the Orb.
     0 | D:1      | Reached XP level 1. HP: 11/11 MP: 2/2
    28 | D:1      | Slain by a jackal

Illustrated notes

Levels and vault maps discovered:
D:1:      lightli_arrival_maybe_door_vault, layout_basic,
          dreamdust_ecumenical_altar_hidden_monk_grotto, nrook_campfire,
          st_stairs_9

Action                   || total
-------------------------++-------
Melee: Rapier            ||    14
Armor: Robe              ||     3
Dodge: Dodged            ||    28
Block: Buckler           ||     8
